 Dungeon Crawl Stone Soup version 0.17-a0-1949-g1acca9a (webtiles) character file.

638 Ordine the Cruncher (level 7, 0/56 HPs)
             Began as a Minotaur Gladiator on Oct 2, 2015.
             Slain by a slave (2 damage)
             ... led by Pikel
             ... on level 5 of the Dungeon.
             The game lasted 00:10:18 (3431 turns).

Ordine the Cruncher (Minotaur Gladiator)            Turns: 3431, Time: 00:10:18

Health: 0/56       AC:  9    Str: 20    XL:     7   Next: 25%
Magic:  6/6        EV:  8    Int:  5    God:
Gold:   195        SH:  0    Dex: 12    Spells: 0 memorised, 6 levels left

rFire  . . .     SeeInvis .     a - +1 quarterstaff
rCold  . . .     Clarity  .     l - +0 chain mail
rNeg   . . .     SustAt   .     (no shield)
rPois  .         Gourm    .     c - +0 hat
rElec  .         Spirit   .     h - +0 cloak
rCorr  .         Warding  .     (no gloves)
rMut   .         Stasis   .     (no boots)
MR     .....                    (no amulet)
Stlth  ..........               (no ring)
                                (no ring)

@: not resistant to hostile enchantments, extremely unstealthy
A: retaliatory headbutt, horns 2
a: no special abilities


You were on level 5 of the Dungeon.
You were hungry.

You visited 2 branches of the dungeon, and saw 6 of its levels.

You collected 195 gold pieces.

Inventory:

Hand weapons
 a - a +1 quarterstaff (weapon)
Missiles
 d - 3 throwing nets (quivered)
Armour
 c - a +0 hat (worn)
 h - a +0 cloak (worn)
 l - a +0 chain mail (worn)
Jewellery
 m - an uncursed ring of stealth
 n - an uncursed ring of magical power
 r - an uncursed ring of protection from cold
Scrolls
 o - 2 scrolls of blinking
 t - 2 scrolls of recharging
 u - 2 scrolls of teleportation
Potions
 g - a potion of flight
 i - a potion of cure mutation
 j - a potion of ambrosia {unknown}
 k - a potion of agility {unknown}
 p - a potion of lignification {unknown}
 q - 3 potions of curing {unknown}
 v - a potion of might {unknown}
Comestibles
 b - a slice of pizza
 e - 4 bread rations
 s - 4 beef jerkies


   Skills:
 - Level 2.4 Fighting
 + Level 10.1 Staves
 - Level 2.0 Throwing
 - Level 3.2 Dodging


You had 6 spell levels left.
You didn't know any spells.

Dungeon Overview and Level Annotations

Branches:
Dungeon (5/15)             Temple (1/1) D:4

Altars:
Ashenzari
Dithmenos
Elyvilon
Makhleb
Nemelex Xobeh
Ru
Sif Muna
Trog
Vehumet
Xom
Yredelemnul
Zin

Shops:
D:4 %:!?=

Annotations:
D:5 Pikel


Innate Abilities, Weirdness & Mutations

You reflexively headbutt those who attack you in melee.
You have a pair of horns on your head.


Message History

You destroy Menkaure!
Your Staves skill increases to level 10!
The slave hits you.
* * * LOW HITPOINT WARNING * * *
The slave hits you but does no damage.
You hit Pikel but do no damage.
Pikel is almost dead.
The slave hits you but does no damage. Pikel hits you but does no damage.
The slave hits you.
* * * LOW HITPOINT WARNING * * *
The slave barely misses you.
You barely miss Pikel.
Pikel is almost dead.
The slave hits you but does no damage. The slave hits you.
* * * LOW HITPOINT WARNING * * *
Pikel hits you but does no damage. The slave hits you but does no damage.
You hit Pikel.
Pikel is almost dead.
The slave hits you but does no damage. The slave hits you.
You die...

......##.#.#
..#....#.#.#
.......#.#.#
........#.#
.##......#.######
................#######
#....pp...#.##.......#
#....K@......#.#...#.##
#.##.pp##....)........#
#. #...##....#.#...#..#
##.#######..)...#####
.# #...# ###.##.... .
#...# #.###### #...#
##.# #...#######.#.#
#.....†<.#.###.#


You could see Pikel and 4 slaves.

Vanquished Creatures
  Menkaure (D:5)
  An ogre (D:5)
  A scorpion (D:4)
  A crimson imp (D:4)
  3 orc priests (D:4)
  A centaur skeleton (D:5)
  2 worker ants (D:4)
  Terence (D:2)
  An orc wizard (D:5)
  A worker ant zombie (D:5)
  3 adders
  2 oozes
  2 worms
  2 giant geckos (D:3)
  11 orcs
  A ball python (D:1)
  9 bats
  4 giant cockroaches
  9 goblins
  7 hobgoblins
  2 quokkas
  5 giant newts
  8 jackals
  4 kobolds
  7 rats
89 creatures vanquished.

Notes
Turn   | Place    | Note
--------------------------------------------------------------
     0 | D:1      | Ordine the Minotaur Gladiator began the quest for the Orb.
     0 | D:1      | Reached XP level 1. HP: 18/18 MP: 0/0
    89 | D:1      | Reached skill level 4 in Staves
    99 | D:1      | Reached XP level 2. HP: 9/25 MP: 1/1
   511 | D:1      | Reached skill level 5 in Staves
   870 | D:2      | Reached XP level 3. HP: 30/30 MP: 2/2
   977 | D:2      | Noticed Terence
   987 | D:2      | Killed Terence
  1676 | D:3      | Reached XP level 4. HP: 34/37 MP: 3/3
  1780 | D:3      | Reached skill level 6 in Staves
  1859 | D:3      | Found a shimmering altar of Xom.
  2208 | D:3      | Found a shadowy altar of Dithmenos.
  2392 | D:4      | Reached skill level 7 in Staves
  2392 | D:4      | Reached XP level 5. HP: 26/42 MP: 4/4
  2397 | D:4      | Found Qahule's Book Shoppe.
  2460 | D:4      | Reached skill level 8 in Staves
  2483 | D:4      | Found Kaifitaa's Jewellery Shop.
  2516 | D:4      | Found Deneulet's Magic Scroll Emporium.
  2571 | D:4      | Found a staircase to the Ecumenical Temple.
  2576 | Temple   | Entered the Ecumenical Temple
  2742 | D:4      | Found Wuagul's Distillery.
  2753 | D:4      | Reached XP level 6. HP: 48/50 MP: 5/5
  2915 | D:4      | Found Luxkaihu's Food Shop.
  3141 | D:5      | Entered Level 5 of the Dungeon
  3156 | D:5      | Reached skill level 9 in Staves
  3409 | D:5      | Reached XP level 7. HP: 47/56 MP: 6/6
  3418 | D:5      | Noticed Menkaure
  3421 | D:5      | Noticed Pikel
  3428 | D:5      | Killed Menkaure
  3428 | D:5      | Reached skill level 10 in Staves
  3430 | D:5      | HP: 2/56 [slave[Pikel] (3)]
  3431 | D:5      | Slain by a slave

Vault maps used:
D:1:      kilobyte_arrival_exit_the_forest
D:2:      amethyst_killhole, uniq_terence
D:3:      grunt_dithmenos_smoke_and_mirrors, lemuel_round_altar, first_bread
D:4:      minmay_temple_entry_glassed_door, serial_shops, nicolae_shop_trees,
          nicolae_shop_crystal, shop, nicolae_shop_behind_doors,
          nicolae_shop_statue_plus
D:5:      okawaru_gym_becter, nicolae_overflow_hidden_temple,
          uniq_blork_the_orc, uniq_pikel, uniq_menkaure
Temple:   roderic_octagonal_lattice_temple

Action                   |  1- 3 |  4- 6 |  7- 9 || total
-------------------------+-------+-------+-------++-------
Melee: Quarterstaff      |    67 |   114 |     8 ||   189
  Use: Scroll            |     7 |     4 |       ||    11
       Potion            |       |       |     1 ||     1
  Eat: Chunk             |     2 |     5 |       ||     7
